 Dungeon Sprint DCSS version 0.30-a0-862-g1aabd4f9c5 (webtiles) character file.

Game seed: 1300582382708763824

4 rocky1 the Shield-Bearer (level 1, -2/18 HPs)
             Began as a Demonspawn Fighter on Mar 10, 2023.
             Slain by a sleepcap (19 damage)
             ... in the Dungeon (Sprint IX: "|||||||||||||||||||||||||||||").
             The game lasted 00:00:36 (126 turns).

rocky1 the Shield-Bearer (Demonspawn Fighter)        Turns: 126, Time: 00:00:37

Health: -2/18      AC:  6    Str: 16    XL:     1   Next: 58%
Magic:  1/1        EV:  2    Int:  9    God:
Gold:   0          SH:  0    Dex: 12    Spells: 0/0 levels left

rFire   . . .      SeeInvis .    a - +0 flail
rCold   . . .      Faith    .    c - +0 buckler
rNeg    . . .      Spirit   .    b - +0 scale mail
rPois   .          Reflect  .    (no helmet)
rElec   .          Rampage  .    (no cloak)
rCorr   .          NoTele   +    (no gloves)
Will    .....                    (no boots) Stlth
                                 (no amulet)
HPRegen 0.23/turn                (no ring)
MPRegen 0.07/turn                (no ring)

@: sleeping
A: no striking features
a: no special abilities


You were in the Dungeon.
You visited 1 branch

Inventory:

Hand Weapons
 a - a +0 flail (weapon)
Armour
 b - a +0 scale mail (worn)
 c - a +0 buckler (worn)
Scrolls
 j - a scroll of blinking
Potions
 d - a potion of might
 e - a potion of curing
 f - a potion of heal wounds
 g - a potion of haste
 h - 2 potions of magic
 i - a potion of berserk rage


   Skills:
 - Level 3.0 Fighting
 * Level 3.0 Maces & Flails
 - Level 2.6 Armour
 + Level 3.2 Shields


You couldn't memorise any spells.
You didn't know any spells.
Your spell library was empty.

Dungeon Overview and Level Annotations

Branches:
Dungeon (1/1)

Altars:


Message History

The kobold hits you but does no damage.
You thump the kobold!
You kill the kobold!
Your Shields skill increases to level 3!
You barely miss the kobold. You block the kobold's attack.
You hit the kobold.
The kobold is severely wounded.
You block the kobold's attack.
You hit the kobold.
You kill the kobold!
The goblin hits you but does no damage.
You closely miss the goblin. The goblin barely misses you.
You barely miss the goblin. The goblin hits you but does no damage.
You sock the goblin!
You kill the goblin!
Your Maces & Flails skill increases to level 3!
Items here: ( ))) ††.
You start waiting.
Done waiting.
You open the door.
A sleepcap, 2 orcs, an adder and an iguana come into view.
The orc wizard shouts!
The adder hisses angrily.
The orc shouts!
The iguana hisses angrily.
The orc wizard casts a spell.
The orc wizard flickers and vanishes!
Deactivating autopickup; reactivate with Ctrl-A.
Press: ? - help, v - describe, . - travel
Here: a sleepcap An open door.
There are monsters nearby!
Unknown command.
You hit the sleepcap.
The sleepcap is lightly damaged.
The sleepcap releases spores at you.
You are engulfed in a cloud of soporific spores!
You fall asleep.
The sleepcap barely misses you. The sleepcap releases spores at you!!
Ouch! That really hurt!
You die...

▓.▓
▓.▓
▓.▓
▓'▓
▓)▓
▓.▓
▓.▓
▓.▓
▓@▓
▓f▓
▓.▓
▓S▓
▓o▓
▓l▓
▓.▓
▓+▓


You could see a sleepcap, an iguana, an adder and an orc.

Vanquished Creatures
  A goblin (D)
  2 kobolds (D)
  A bat (D)
  A rat (D)
5 creatures vanquished.

Notes
Turn   | Place    | Note
-------+----------+-------------------------------------------
     0 | D        | rocky1 the Demonspawn Fighter began the quest for the Orb.
     0 | D        | Reached XP level 1. HP: 18/18 MP: 1/1
   123 | D        | Noticed a sleepcap
   123 | D        | Noticed an orc wizard
   123 | D        | Noticed an iguana
   126 | D        | Slain by a sleepcap

Illustrated notes

Levels and vault maps discovered:
D:        linesprint [early_d, line_temple, items_1, d_10, items_2, lair_1,
          lair_end, items_3, orc_1, orc_end, items_4, d_15, swamp_1, shoals_1,
          snake_1, spider_1, d_20, vaults_1, items_5, swamp_end, shoals_end,
          snake_end, spider_end, vaults_end, d_27, items_6, zot_1, zot_end,
          crypt_end, forest_end, elf_end, slime_end, tomb_end, abyss_end,
          pan_hell_end]

Skill      XL: |  1 |
---------------+----+-----
Maces & Flails | 3 |  3.0
Shields        | 3 |  3.2
Fighting       | |  3.0
Armour         | |  2.6

Action                     || total
---------------------------++-------
  Melee: Flail             ||    14
 Armour: Scale mail        ||    10
  Dodge: Dodged            ||     4
  Block: Buckler           ||     5

Table legend: (Time is in decaauts)
 A = Elapsed time spent in this place.
 B = Non-inter-level travel time spent in this place.
 C = Inter-level travel time spent in this place.
 D = Time resting spent in this place.
 E = Time spent auto-exploring this place.
 F = Levels seen in this place.
 G = Mean time per level.
                   A        B        C        D        E       F      G
               +--------+--------+--------+--------+--------+-----+--------+
         Total |    130 |    130 |      0 |    100 |      0 |   1 |  130.0 |
       Dungeon |    130 |    130 |      0 |    100 |      0 |   1 |  130.0 |
               +--------+--------+--------+--------+--------+-----+--------+

Top non-repeatable levels by time:
       D: 130 daAuts
